 Dungeon Crawl Stone Soup version 0.20.0-10-g0535bb4 (webtiles) character file.

1204 Inchmeat the Skirmisher (level 8, -6/68 HPs)
             Began as a Demonspawn Monk on June 8, 2017.
             Killed by divine providence
             ... invoked by an orc priest
              (11 damage)
             ... on level 5 of the Dungeon.
             The game lasted 00:10:10 (4846 turns).

Inchmeat the Skirmisher (Demonspawn Monk)           Turns: 4846, Time: 00:10:11

Health: -6/68      AC:  8    Str: 13    XL:     8   Next: 21%
Magic:  0/8        EV: 23    Int: 12    God:
Gold:   231        SH:  0    Dex: 21    Spells: 7/7 levels left

rFire    + . .     SeeInvis .   a - +0 mace
rCold    x . .     Gourm    .   (no shield)
rNeg     . . .     Faith    .   b - +0 robe
rPois    .         Spirit   +   (no helmet)
rElec    .         Reflect  .   (no cloak)
rCorr    .         Harm     .   (no gloves)
MR       .....                  (no boots)
Stlth    +++.......             (no amulet)
Regen    0.3/turn               e - +4 ring of slaying
MPRegen  0.2/turn               o - ring of fire

@: agile, sanguine armour
A: hooves 2, spiny 1, magic shield, sanguine armour 1
a: no special abilities


You were on level 5 of the Dungeon.
You were not hungry.

You visited 1 branch of the dungeon, and saw 5 of its levels.

You collected 231 gold pieces.

Inventory:

Hand Weapons
 a - a +0 mace (weapon)
 t - a +0 morningstar
Armour
 b - a +0 robe (worn)
 r - a cursed +0 large shield
Jewellery
 e - a +4 ring of slaying (left hand)
 o - a ring of fire (right hand)
 q - a +4 ring of protection {unknown}
Scrolls
 f - 10 scrolls of identify
 m - 3 scrolls of fog {unknown}
 p - 4 scrolls of teleportation {unknown}
 s - a scroll of remove curse {unknown}
Potions
 h - a potion of flight
 i - a potion of curing {unknown}
Comestibles
 c - 4 bread rations
 d - 6 meat rations
 l - a fruit


   Skills:
 * Level 7.8 Fighting
 - Level 2.6 Maces & Flails
 * Level 6.8 Dodging
 - Level 1.7 Stealth


You had 7 spell levels left.
You didn't know any spells.

Dungeon Overview and Level Annotations

Branches:
Dungeon (5/15)
 Temple: D:4-7

Altars:


Innate Abilities, Weirdness & Mutations

You have hoof-like feet.
You are partially covered in sharp spines.
When hurt, damage is shared between your health and your magic reserves.
When seriously injured, your bleeding wounds create armour. (AC +6)


Message History

The orc wizard is heavily wounded.
The orc wizard barely misses you.
You closely miss the orc wizard.
You kick the orc wizard, but do no damage.
The orc wizard is heavily wounded.
The orc priest invokes the aid of Beogh against you.
Beogh smites you!
* * * LOW HITPOINT WARNING * * *
The orc wizard is struck by your spines.
The orc wizard hits you with a dagger.
* * * LOW HITPOINT WARNING * * *
The orc priest mumbles some strange prayers to Beogh against you.
Beogh smites you!
* * * LOW HITPOINT WARNING * * *
The orc wizard is struck by your spines.
You kill the orc wizard!
You feel agile all of a sudden.
The orc priest mumbles some strange prayers to Beogh against you.
Beogh smites you!
You die...

# .# .....
####.# #.....
#....# #......
..# .......
.#######
#####.......
........
...........
.#######
#......# .#
####......# .#
##.@)o#....# .#
#####..####....#
.# #####.....##
....#
.#####.....#####
....#
.......#####
...(.. .....###
###.###
......... <#
..)###### ####


You could see an orc priest.

Vanquished Creatures
  An ogre (D:4)
  5 big kobolds (D:4)
  A wyvern zombie (D:5)
  A scorpion (D:4)
  A howler monkey (D:3)
  2 hounds (D:4)
  4 orc priests
  2 centaur skeletons (D:5)
  An iguana (D:4)
  3 orc wizards
  A worker ant (D:4)
  A hound skeleton (D:4)
  A howler monkey zombie (D:3)
  7 adders
  A gnoll (D:4)
  An ooze (D:1)
  2 worms
  4 dart slugs (D:1)
  2 leopard geckos
  7 orcs
  A ball python (D:2)
  10 bats
  5 giant cockroaches
  15 goblins
  6 hobgoblins
  11 jackals
  3 quokkas
  6 frilled lizards
  42 kobolds
  12 rats
159 creatures vanquished.

Notes
Turn   | Place    | Note
-------+----------+-------------------------------------------
     0 | D:1      | Inchmeat the Demonspawn Monk began the quest for the Orb.
     0 | D:1      | Reached XP level 1. HP: 18/18 MP: 1/1
    92 | D:1      | Gained mutation: When hurt, damage is shared between your health and your magic reserves. [demonic ancestry]
    92 | D:1      | Reached XP level 2. HP: 24/24 MP: 2/2
   316 | D:1      | Gained mutation: You have large cloven feet. [demonic ancestry]
   316 | D:1      | Reached XP level 3. HP: 28/30 MP: 3/3
   589 | D:1      | Reached skill level 4 in Fighting
  1190 | D:2      | Gained mutation: You are partially covered in sharp spines. [demonic ancestry]
  1190 | D:2      | Reached XP level 4. HP: 30/38 MP: 4/4
  1913 | D:3      | Gained mutation: When seriously injured, your bleeding wounds create armour. (AC +6) [demonic ancestry]
  1913 | D:3      | Reached XP level 5. HP: 20/43 MP: 1/5
  2094 | D:3      | Reached skill level 5 in Fighting
  2788 | D:4      | Gained mutation: You have hoof-like feet. [demonic ancestry]
  2788 | D:4      | Reached XP level 6. HP: 44/51 MP: 6/6
  3259 | D:4      | Reached skill level 6 in Fighting
  3389 | D:4      | Reached skill level 5 in Dodging
  3706 | D:4      | Reached XP level 7. HP: 31/59 MP: 2/7
  4093 | D:4      | Reached skill level 7 in Fighting
  4399 | D:4      | Reached XP level 8. HP: 41/67 MP: 5/8
  4765 | D:5      | Entered Level 5 of the Dungeon
  4846 | D:5      | Killed from afar by an orc priest

Skill      XL: |  1  2  3  4  5  6  7 |
---------------+----------------------+-----
Dodging        | 3 4 5 6 |  6.8
Fighting       | 4 5 6 7 |  7.8
Maces & Flails | |  2.6
Stealth        | |  1.7

Action                   |  1- 3 |  4- 6 |  7- 9 || total
-------------------------+-------+-------+-------++-------
Melee: Mace              |    88 |   121 |   102 ||   311
       Kick              |     8 |    31 |    28 ||    67
  Use: Potion            |       |     1 |     2 ||     3
       Scroll            |       |       |     5 ||     5
 Stab: Sleeping          |     5 |     4 |       ||     9
  Eat: Chunk             |     1 |     8 |     4 ||    13
Armor: Robe              |     5 |    11 |    20 ||    36
Dodge: Dodged            |    70 |    72 |   128 ||   270
